 Dungeon Crawl Stone Soup version 0.20-a0-656-g9b0dcd9 (webtiles) character file.

182 Klosterheim the Slasher (level 5, 0/49 HPs)
             Began as a Naga Fighter on Feb 17, 2017.
             Killed from afar by an orc wizard (8 damage)
             ... with a magic dart
             ... on level 3 of the Dungeon.
             The game lasted 00:03:31 (2092 turns).

Klosterheim the Slasher (Naga Fighter)              Turns: 2092, Time: 00:03:33

Health: 0/49       AC:  8    Str: 18    XL:     5   Next: 61%
Magic:  5/5        EV:  2    Int: 10    God:
Gold:   170        SH:  8    Dex: 10    Spells: 4/4 levels left

rFire    . . .     SeeInvis +   a - +0 long sword
rCold    . . .     Gourm    .   e - +0 chain mail
rNeg     . . .     Faith    .   c - +0 shield
rPois    +         Spirit   .   d - +0 helmet
rElec    .         Reflect  .   (no cloak)
rCorr    .         Harm     .   o - +0 pair of gloves
MR       .....                  (no barding)
Stlth    ..........             (no amulet)
Regen    0.2/turn               (no ring)
MPRegen  0.1/turn               (no ring)

@: lethally poisoned (0 -> -2), flying, very slow
A: see invisible, deformed body, poison resistance, slowness 2, slow metabolism
1, spit poison 1, AC +1
a: Spit Poison


You were on level 3 of the Dungeon.
You were hungry.

You visited 1 branch of the dungeon, and saw 3 of its levels.

You collected 170 gold pieces.

Inventory:

Hand Weapons
 a - a +0 long sword (weapon)
Armour
 c - a +0 shield (worn)
 d - a +0 helmet (worn)
 e - a +0 chain mail (worn)
 o - a +0 pair of gloves (worn)
Jewellery
 m - an uncursed amulet of magic regeneration {unknown}
 s - a cursed -5 ring of evasion {unknown}
Scrolls
 j - 2 scrolls of enchant armour {unknown}
 k - a scroll of remove curse {unknown}
 n - a scroll of immolation {unknown}
 p - 6 scrolls of identify {unknown}
 t - a scroll of enchant weapon {unknown}
 u - a scroll of recharging {unknown}
Potions
 g - a potion of flight
 h - a potion of degeneration {unknown}
 i - a potion of brilliance {unknown}
 q - a potion of heal wounds {unknown}
Comestibles
 b - 5 chunks of flesh
 f - 2 bread rations
 l - a meat ration
 r - a royal jelly


   Skills:
 - Level 3.0 Fighting
 * Level 5.6 Long Blades
 - Level 2.4 Armour
 - Level 2.4 Shields


You had 4 spell levels left.
You didn't know any spells.

Dungeon Overview and Level Annotations

Branches:
Dungeon (3/15)

Altars:


Innate Abilities, Weirdness & Mutations

You cannot wear boots.
Your serpentine skin is tough. (AC +1)
You have supernaturally acute eyesight. (SInv)
Armour fits poorly on your strangely shaped body.
Your system is resistant to poisons. (rPois)
You cover ground very slowly.
You have a slow metabolism.
You can spit poison.


Message History

The orc wizard barely misses you.
The orc wizard gestures at you while chanting.
The magic dart hits you!
* * * LOW HITPOINT WARNING * * *
Your shield and chain mail prevent you from hitting the orc wizard.
The orc wizard is heavily wounded.
You feel sick. The orc wizard casts a spell at you. The puff of flame hits you!
* * * LOW HITPOINT WARNING * * *
You closely miss the orc wizard.
The orc wizard is heavily wounded.
The orc wizard hits you but does no damage.
It was a potion of flight.
You feel very buoyant.
You fly up into the air.
The orc wizard barely misses you.
You feel sick. You block the orc wizard's attack.
The orc wizard gestures at you while chanting.
The magic dart hits you!
You die...

..# ######### #.#
#.......####### # ####.#
#.............# #.
#....###...........#.#
#..#.##...........##....#
#.......###.......##....#
#.......oo#.......##....#
####.#.###.######......<#
#%...o.# #.@.# ####.####
#.##..o# #......# #.#
###o...#.....# #.#
...........# #.#
#....#.....# #.
#...##.....#
.........#### .#########


You could see an orc wizard and an orc.

Vanquished Creatures
  An orc wizard (D:3)
  Robin (D:2)
  6 adders (D:2)
  An ooze (D:2)
  An adder skeleton (D:2)
  A worm (D:2)
  A dart slug (D:1)
  4 leopard geckos
  An orc (D:3)
  3 giant cockroaches (D:1)
  17 goblins
  9 hobgoblins
  6 jackals
  A quokka (D:2)
  2 bats (D:2)
  3 frilled lizards
  10 kobolds
  3 rats
71 creatures vanquished.

Notes
Turn   | Place    | Note
-------+----------+-------------------------------------------
     0 | D:1      | Klosterheim the Naga Fighter began the quest for the Orb.
     0 | D:1      | Reached XP level 1. HP: 21/21 MP: 1/1
   120 | D:1      | Reached XP level 2. HP: 18/28 MP: 2/2
   195 | D:1      | Reached skill level 3 in Long Blades
   406 | D:1      | Reached XP level 3. HP: 30/34 MP: 3/3
   943 | D:2      | Reached skill level 4 in Long Blades
   996 | D:2      | Reached XP level 4. HP: 35/42 MP: 4/4
  1054 | D:2      | Noticed Robin
  1128 | D:2      | Killed Robin
  1569 | D:2      | Reached skill level 5 in Long Blades
  1569 | D:2      | Reached XP level 5. HP: 48/49 MP: 5/5
  2092 | D:3      | Killed from afar by an orc wizard

Vault maps used:
D:1:      dpeg_arrival_brainrot, minmay_curled_crystal, serial_park_tiny_pond
D:2:      serial_glass, glass_columns_b, glass_columns_a, grunt_decor_fettered,
          uniq_robin
D:3:      kennysheep_slug_shrine

Skill      XL: |  1  2  3  4 |
---------------+-------------+-----
Long Blades    | 3 4 5 |  5.6
Fighting       | |  3.0
Armour         | |  2.4
Shields        | |  2.4

Action                   |  1- 3 |  4- 6 || total
-------------------------+-------+-------++-------
Melee: Long sword        |   130 |   223 ||   353
  Use: Potion            |       |     2 ||     2
  Eat: Chunk             |       |     3 ||     3
Armor: Chain mail        |    68 |   141 ||   209
Dodge: Dodged            |    13 |    17 ||    30
Block: Shield            |    72 |    85 ||   157
       Rpst.: Long sword |     6 |     3 ||     9
